 Dungeon Crawl Stone Soup version 0.31.0-9-g3a7656b989 (webtiles) character file.

Game seed: 10978113452303543333

703 qw the Skirmisher (level 7, -3/40 HPs)
             Began as a Deep Elf Hunter on Feb 3, 2024.
             Killed by nerve-wracking pain
             ... invoked by Menkaure
              (13 damage)
             ... on level 4 of the Dungeon.
             The game lasted 00:00:14 (3209 turns).

qw the Skirmisher (Deep Elf Hunter)                 Turns: 3209, Time: 00:00:15

Health: -3/40      AC:  7    Str: 10    XL:     7   Next: 39%
Magic:  9/9        EV: 11    Int:  9    God:
Gold:   155        SH:  0    Dex: 18    Spells: 6/6 levels left

rFire   + . .        a - +1 shortbow
rCold   + . .        (shield currently unavailable)
rNeg    . . .        d - +1 ring mail
rPois   .            (no helmet)
rElec   .            c - +0 cloak of Zamoxo {+Inv rF+ rC+ Int-5}
rCorr   .            (no gloves)
SInv    .            (no boots)
Will    .....        (no amulet)
Stlth   +            (no ring)
HPRegen 0.26/turn    (no ring)
MPRegen 0.11/turn

%: no passive effects
@: about to teleport
A: no striking features
a: Evoke Invisibility


You were on level 4 of the Dungeon.
You visited 1 branch of the dungeon, and saw 4 of its levels.
You also visited: Sewer.

You collected 155 gold pieces.


   Skills:
 - Level 2.2 Fighting
 + Level 11.2 Ranged Weapons
 - Level 1.0 Armour
 - Level 3.0 Dodging
 - Level 1.2 Stealth


You had 6 spell levels left.
You didn't know any spells.
Your spell library was empty.

Inventory:

Hand Weapons
 a - a +1 shortbow (weapon)
Armour
 c - the +0 cloak of Zamoxo (worn) {+Inv rF+ rC+ Int-5}
   (You found it on level 2 of the Dungeon)

   Int-5:     It affects your intelligence (-5).
   rF+:       It protects you from fire.
   rC+:       It protects you from cold.
   +Inv:      It lets you turn invisible.
 d - a +1 ring mail (worn)
Wands
 j - a wand of flame (12)
Scrolls
 e - 2 scrolls of teleportation
Potions
 b - 2 potions of curing
 g - 2 potions of cancellation
 i - a potion of might {unknown}
 m - a potion of haste {unknown}

Dungeon Overview and Level Annotations

Branches:
Dungeon (4/15)              Sewer (visited)
 Temple: D:4-7

Altars:
Ashenzari
Fedhas

Annotations:
D:2 1 runed translucent door, Crazy Yiuf
D:4 Menkaure


Message History

You shoot an arrow. The arrow hits the bombardier beetle!
You kill the bombardier beetle!
Found a broken altar of Ashenzari.
Menkaure, Prince of Dust comes into view.
Found 16 gold pieces.
Menkaure shouts!
Menkaure is nearby!
Menkaure is nearby!
You shoot an arrow. The arrow hits Menkaure.
Menkaure is lightly damaged.
You shoot an arrow. The arrow closely misses Menkaure.
You shoot an arrow.
The arrow hits Menkaure but does no damage.
Menkaure is lightly damaged.
You shoot an arrow. The arrow hits Menkaure.
Menkaure is moderately damaged.
Menkaure hits you!
You shoot an arrow. The arrow hits Menkaure.
Menkaure is heavily damaged.
Menkaure completely misses you.
You shoot an arrow. The arrow hits Menkaure.
Menkaure is heavily damaged.
Menkaure calls on the powers of darkness!
Your body is wracked with pain!
You shoot an arrow.
The arrow hits Menkaure but does no damage.
Menkaure is heavily damaged.
Menkaure mumbles some strange words.
Menkaure seems to speed up.
You shoot an arrow. The arrow barely misses Menkaure.
Menkaure hits you.
3208 ||| READING 3 scrolls of teleportation.
As you read the scroll of teleportation, it crumbles to dust.
You feel strangely unstable. Menkaure hits you but does no damage.
You shoot an arrow. The arrow hits Menkaure.
Menkaure is almost destroyed.
Menkaure gestures at you while chanting.
Pain shoots through your body!
You die...

....#######.#
...#...$.#.##
..#.....#..# # #
#.+.$_..#...
#.#.##.#.....#..#
#......#..$..#..#
......M#######..#
#....@.......#
#...###...#####
## ##..# #..# ###
#..###...
#....#.#
#.#....##
#...<...#
.##.#######.....#


You could see Menkaure (fast).

Vanquished Creatures
  Grinder (D:3)
  Sigmund (D:2)
  A bombardier beetle (D:4)
  3 jellies (Sewer)
  Jessica (D:2)
  Terence (D:3)
  An orc wizard (D:3)
  6 adders
  A river rat (Sewer)
  A dart slug (D:1)
  2 ribbon worms (D:3)
  4 orcs (D:3)
  11 endoplasms
  8 giant cockroaches
  7 goblins
  3 hobgoblins
  7 kobolds
  5 quokkas
  14 ball pythons
  6 bats
  2 frilled lizards
  12 rats
98 creatures vanquished.

Notes
Turn   | Place    | Note
-------+----------+-------------------------------------------
     0 | D:1      | qw the Deep Elf Hunter began the quest for the Orb.
     0 | D:1      | Reached XP level 1. HP: 12/12 MP: 3/3
     0 | D:1      | 0 ||| qw: Version: 0.3-a-155-g5e7d8dd
     0 | D:1      | 0 ||| qw: Game counter: 2927
     0 | D:1      | 0 ||| qw: Melee chars always use a shield: true
     0 | D:1      | 0 ||| qw: God list: Okawaru
     0 | D:1      | 0 ||| qw: Allow faded altars: false
     0 | D:1      | 0 ||| qw: Do Orc after clearing Dungeon:15 true
     0 | D:1      | 0 ||| qw: Do second Lair branch before Depths: true
     0 | D:1      | 0 ||| qw: Lair rune preference: random
     0 | D:1      | 0 ||| qw: Goals: Normal
     0 | D:1      | 0 ||| PLANNING D:1-11
   191 | D:1      | Reached skill level 6 in Ranged Weapons
   191 | D:1      | Reached XP level 2. HP: 16/16 MP: 4/4
   546 | D:1      | Reached XP level 3. HP: 20/20 MP: 5/5
   812 | D:1      | 812 ||| UPGRADING to +0 ring mail.
   822 | D:1      | 822 ||| DROPPING +0 leather armour.
   823 | D:1      | 823 ||| READING scroll labelled XOUFAR LIPAE.
   828 | D:1      | 828 ||| READING 3 scrolls labelled UTHOUCK CYER TOA.
   828 | D:1      | 828 ||| IDENTIFYING bubbling grey potion
   829 | D:1      | 829 ||| DROPPING scroll of butterflies.
   967 | D:2      | Found a blossoming altar of Fedhas.
  1001 | D:2      | Identified the +0 cloak of Zamoxo {+Inv rF+ rC+ Int-5}
  1071 | D:2      | Reached skill level 7 in Ranged Weapons
  1127 | D:2      | Noticed Sigmund
  1138 | D:2      | Killed Sigmund
  1139 | D:2      | Reached skill level 9 in Ranged Weapons
  1139 | D:2      | Reached XP level 4. HP: 18/25 MP: 6/6
  1139 | D:2      | Reached XP level 5. HP: 22/29 MP: 7/7
  1467 | D:2      | Noticed Jessica
  1473 | D:2      | Killed Jessica
  1493 | D:2      | Found a runed translucent door.
  1494 | D:2      | Noticed Crazy Yiuf
  1929 | D:2      | 1929 ||| UPGRADING to +0 cloak of Zamoxo {+Inv rF+ rC+
                  | Int-5}.
  1934 | D:2      | 1934 ||| READING 3 scrolls of identify.
  1934 | D:2      | 1934 ||| IDENTIFYING scroll labelled HAZYPUCVYA
  1935 | D:2      | 1935 ||| DROPPING scroll of vulnerability.
  1964 | D:3      | 1964 ||| PLANNING SEWER
  1984 | D:3      | Noticed Grinder
  1997 | D:3      | 1997 ||| FLEEEEING.
  1997 | D:3      | Paralysed by Grinder for 4 turns
  2008 | D:3      | Paralysed by Grinder for 4 turns
  2013 | D:3      | Killed Grinder
  2014 | D:3      | Reached skill level 10 in Ranged Weapons
  2014 | D:3      | Reached XP level 6. HP: 15/35 MP: 8/8
  2138 | D:3      | Noticed Terence
  2146 | D:3      | Killed Terence
  2384 | D:3      | Reached skill level 3 in Dodging
  2624 | D:3      | Found a glowing drain.
  2625 | D:3      | 2625 ||| DROPPING ring of magical power.
  2626 | D:3      | 2626 ||| READING 3 scrolls of identify.
  2626 | D:3      | 2626 ||| IDENTIFYING cyan potion
  2627 | D:3      | 2627 ||| READING 2 scrolls of identify.
  2627 | D:3      | 2627 ||| IDENTIFYING 2 smoky pink potions
  2628 | D:3      | 2628 ||| READING scroll of identify.
  2628 | D:3      | 2628 ||| IDENTIFYING scroll labelled NESTESTIDOI
  2629 | D:3      | 2629 ||| READING scroll labelled PYS LUUVOALO.
  2629 | D:3      | 2629 ||| ENCHANTING +0 shortbow.
  2630 | D:3      | 2630 ||| DROPPING potion of brilliance.
  2631 | D:3      | 2631 ||| DROPPING scroll of blinking.
  2642 | Sewer    | Entered a sewer
  2648 | Sewer    | Reached skill level 1 in Armour
  2673 | Sewer    | Reached XP level 7. HP: 40/40 MP: 9/9
  2830 | Sewer    | Found a viscous altar of Jiyva.
  2885 | Sewer    | Reached skill level 11 in Ranged Weapons
  2918 | Sewer    | 2918 ||| READING scroll of identify.
  2918 | Sewer    | 2918 ||| IDENTIFYING purple potion
  2919 | Sewer    | 2919 ||| READING scroll labelled ZAUNNUTWECS.
  2919 | Sewer    | 2919 ||| ENCHANTING +0 ring mail.
  2920 | Sewer    | 2920 ||| DRINKING 3 metallic pink potions.
  2921 | Sewer    | 2921 ||| DROPPING potion of magic.
  2922 | Sewer    | 2922 ||| DROPPING 2 potions of invisibility.
  2937 | D:3      | 2937 ||| PLANNING D:1-11
  3133 | D:3      | Found a faded altar of an unknown god.
  3139 | D:3      | 3139 ||| DROPPING amulet of magic regeneration.
  3140 | D:3      | 3140 ||| READING scroll labelled YTTUJU OTORGH.
  3195 | D:4      | Found a broken altar of Ashenzari.
  3197 | D:4      | Noticed Menkaure
  3207 | D:4      | HP: 9/40 [Menkaure (5)]
  3208 | D:4      | 3208 ||| READING 3 scrolls of teleportation.
  3209 | D:4      | Killed from afar by Menkaure

Levels and vault maps discovered:
D:1:      reono_arrival_forest_river, layout_basic, minivault_4,
          wad_floor_pattern_untrapped
D:2:      layout_loops_corners, basic_altar, lemuel_flame_loot_1,
          uniq_crazy_yiuf_cottage, uniq_sigmund, uniq_jessica
D:3:      layout_loops_cross, dreamdust_ecumenical_altar_hidden_monk_grotto,
          cheibrodos_sewer_entry_sluice, uniq_terence, uniq_grinder
D:4:      minmay_wonky_spiral, layout_loops_ring, amcnicky_altar_gilded,
          ebering_ghost_sewer_d, uniq_menkaure

Skill      XL: |  1  2  3  4  5  6  7 |
---------------+----------------------+-----
Ranged Weapons | 6 9 10 11 | 11.2
Fighting       | 2 |  2.2
Dodging        | 3 |  3.0
Armour         | 1 |  1.0
Stealth        | |  1.2

Action                     |  1- 3 |  4- 6 |  7- 9 || total
---------------------------+-------+-------+-------++-------
   Fire: Shortbow          |   118 |   109 |    82 ||   309
    Use: Scroll            |     2 |     5 |     4 ||    11
         Potion            |       |       |     1 ||     1
 Armour: Leather armour    |    14 |       |       ||    14
         Ring mail         |    21 |    19 |    28 ||    68
  Dodge: Dodged            |    30 |    15 |    41 ||    86

Table legend:
 A = Non-vault XP
 B = Vault XP
 C = Vault XP percentage of total XP
 D = Non-vault monster count
 E = Vault monster count
 F = Vault count percentage of total count
                 A         B        C        D         E       F
            +---------+---------+-------+---------+---------+-------
      Total |     207 |     798 |  79.4 |      64 |      34 |  34.7
            +---------+---------+-------+---------+---------+-------
        D:1 |      45 |       0 |   0.0 |      28 |       0 |   0.0
        D:2 |      61 |     260 |  81.0 |      24 |       2 |   7.7
        D:3 |      53 |     312 |  85.5 |      11 |       5 |  31.2
        D:4 |      48 |       0 |   0.0 |       1 |       0 |   0.0
      Sewer |       0 |     226 | 100.0 |       0 |      27 | 100.0
            +---------+---------+-------+---------+---------+-------
